 Dungeon Crawl Stone Soup version 0.24-a0-521-g122614bf49 (webtiles) character file.

Game seed: 8962637931728293087

185509 Gargoyl the Envoy of Void (level 17, -8/144 HPs)
             Began as a Centaur Abyssal Knight on July 28, 2019.
             Was a High Priest of Lugonu.
             Mangled by a naga warrior
             ... wielding a +1 halberd of protection
              (18 damage)
             ... on level 4 of the Snake Pit.
             The game lasted 01:17:36 (52378 turns).

Gargoyl the Envoy of Void (Centaur Abyssal Knight) Turns: 52378, Time: 01:17:37

Health: -8/144     AC: 33    Str: 23    XL:     17   Next: 81%
Magic:  6/6        EV:  6    Int: 10    God:    Lugonu [*****.]
Gold:   770        SH: 13    Dex: 15    Spells: 16/16 levels left

rFire    + + +     SeeInvis .   e - +7 scimitar "Lovveurhurr" {antimagic, rF+ Int-5 Dex+3}
rCold    + . .     Gourm    .   s - +2 buckler
rNeg     + . .     Faith    .   E - +7 chain mail {MR+}
rPois    +         Spirit   .   T - +0 helmet
rElec    +         Reflect  +   L - +2 cloak
rCorr    .         Harm     .   A - +0 pair of gloves {archery}
MR       +++..     Rnd*Rage +   G - +2 centaur barding {rF+}
Stlth    ..........             Z - +5 amulet of reflection
HPRegen  0.34/turn              v - ring of Vesaaz {rPois rN+ MP-9 Int+4}
MPRegen  0.10/turn              Q - ring "Ewibbyme" {rElec rF+ rC+ Str+4 Stlth+}

@: lethally poisoned (-8 -> -13), constricted, very quick
A: large, hooves 3, berserk 1, deformed body, speed 2, magic resistance 1, tough
skin 3
a: Depart the Abyss, Bend Space, Banish, Corrupt, Enter the Abyss, Renounce
Religion


You were on level 4 of the Snake Pit.
You worshipped Lugonu.
Lugonu was extremely pleased with you.
You were very hungry.

You visited 4 branches of the dungeon, and saw 27 of its levels.
You visited the Abyss 4 times.
You also visited: Bailey.

You collected 2715 gold pieces.
You spent 1945 gold pieces at shops.

Inventory:

Hand Weapons
 d - a +3 war axe of electrocution
 e - the +7 scimitar "Lovveurhurr" (weapon) {antimagic, rF+ Int-5 Dex+3}
   (You found it on level 2 of the Abyss)

   It reduces the magical energy of the wielder, and disrupts the spells and
   magical abilities of those hit.
   Natural abilities and divine invocations are not affected.
   It affects your intelligence (-5).
   It affects your dexterity (+3).
   It protects you from fire.
 B - a +6 war axe of venom
 J - a +3 broad axe of flaming
 X - a +3 vampiric broad axe
Missiles
 p - 13 boomerangs (quivered)
Armour
 s - a +2 buckler (worn)
 A - a +0 pair of gloves of archery (worn)
 E - a +7 chain mail of magic resistance (worn)
 G - a +2 centaur barding of fire resistance (worn)
 L - a +2 cloak (worn)
 T - a +0 helmet (worn)
Jewellery
 k - an uncursed ring of positive energy
 v - the ring of Vesaaz (left hand) {rPois rN+ MP-9 Int+4}
   (You found it on level 7 of the Dungeon)

   [ring of positive energy]

   It affects your intelligence (+4).
   It protects you from poison.
   It protects you from negative energy.
   It affects your magic capacity (-9).
 y - an uncursed ring of protection from magic
 z - an uncursed ring of positive energy
 Q - the ring "Ewibbyme" (right hand) {rElec rF+ rC+ Str+4 Stlth+}
   (You found it on level 6 of the Lair of Beasts)

   [ring of stealth]

   It affects your strength (+4).
   It protects you from fire.
   It protects you from cold.
   It insulates you from electricity.
   It makes you more stealthy.
 U - an uncursed ring of see invisible
 Z - a +5 amulet of reflection (around neck)
Wands
 C - a wand of acid (12)
Scrolls
 b - 4 scrolls of remove curse
 g - 10 scrolls of teleportation
 i - 2 scrolls of blinking
 n - 3 scrolls of magic mapping
 r - 5 scrolls of identify
 w - a scroll of fear
 F - 2 scrolls of holy word
 O - a scroll of silence
 R - 3 scrolls of fog
Potions
 a - 3 potions of heal wounds
 h - 8 potions of curing
 m - 2 potions of haste
 o - 3 potions of flight
 t - 2 potions of cancellation
 D - a potion of invisibility
 I - 4 potions of agility
 K - a potion of ambrosia
 M - a potion of might
 N - 2 potions of magic
Miscellaneous
 u - a phantom mirror
Comestibles
 c - 30 rations


   Skills:
 + Level 11.0 Fighting
 + Level 11.3 Long Blades
 + Level 10.3 Axes
 + Level 3.6 Throwing
 * Level 12.0 Armour
 * Level 9.8 Dodging
 + Level 8.0 Shields
 * Level 14.2 Invocations
 + Level 2.5 Evocations


You had 16 spell levels left.
You didn't know any spells.
Your spell library contained the following spells:

 Spells                   Type           Power        Failure   Level  Hunger
 Animate Skeleton         Necr           N/A          89%         1    ##.....
 Apportation              Tloc           #.....       89%         1    ##.....
 Beastly Appendage        Tmut           #.....       89%         1    ##.....
 Corona                   Hex            #......      89%         1    ##.....
 Magic Dart               Conj           #...         89%         1    ##.....
 Pain                     Necr           #...         89%         1    ##.....
 Summon Butterflies       Summ           #.......     89%         1    ##.....
 Ensorcelled Hibernation  Hex/Ice        #.....       96%         2    ###....
 Searing Ray              Conj           #.....       96%         2    ###....
 Shroud of Golubria       Chrm/Tloc      #.....       96%         2    ###....
 Sticks to Snakes         Tmut           #.......     96%         2    ###....
 Confuse                  Hex            #.......     99%         3    ####...
 Dazzling Spray           Conj/Hex       #.....       99%         3    ####...
 Ignite Poison            Fire/Tmut/Pois #.......     99%         3    ####...
 Lesser Beckoning         Tloc           #.........   99%         3    ####...
 Regeneration             Chrm/Necr      #.........   99%         3    ####...
 Spider Form              Tmut/Pois      #.........   99%         3    ####...
 Tukima's Dance           Hex            #.......     99%         3    ####...
 Vampiric Draining        Necr           #.........   99%         3    ####...
 Animate Dead             Necr           N/A          100%        4    #####..
 Force Lance              Conj/Tloc      #.......     100%        4    #####..
 Fulminant Prism          Conj/Hex       #.........   100%        4    #####..
 Ice Form                 Ice/Tmut       #.......     100%        4    #####..
 Iskenderun's Mystic Bla  Conj           #.......     100%        4    #####..
 Leda's Liquefaction      Hex/Erth       #.........   100%        4    #####..
 Alistair's Intoxication  Tmut/Pois      #.......     100%        5    ######.
 Blade Hands              Tmut           #.........   100%        5    ######.
 Bolt of Magma            Conj/Fire/Erth #.........   100%        5    ######.
 Iskenderun's Battlesphe  Conj/Chrm      #.......     100%        5    ######.
 Metabolic Englaciation   Hex/Ice        #.........   100%        5    ######.
 Bolt of Cold             Conj/Ice       #.........   100%        6    #######
 Freezing Cloud           Conj/Ice/Air   #.........   100%        6    #######
 Hydra Form               Tmut           #.........   100%        6    #######
 Invisibility             Hex            #.......     100%        6    #######
 Iron Shot                Conj/Erth      #.........   100%        6    #######
 Ozocubu's Refrigeration  Ice            #.........   100%        6    #######
 Simulacrum               Ice/Necr       #.........   100%        6    #######
 Statue Form              Tmut/Erth      #........    100%        6    #######
 Shatter                  Erth           #.........   100%        9    #######


Dungeon Overview and Level Annotations

Branches:
Dungeon (15/15)            Temple (0/1) D:4            Lair (6/6) D:11
  Swamp (0/4) Lair:4        Snake (4/4) Lair:3        Slime (0/5) Lair:6
    Orc (2/2) D:11            Elf (0/3) Orc:2        Vaults (0/5) D:13
 Depths (0/5) D:15

Altars:
Cheibriados
Elyvilon
Kikubaaqudgha
Makhleb
Nemelex Xobeh
Okawaru
Qazlal
Ru
Sif Muna
Vehumet
Wu Jian
Xom
Yredelemnul
Zin
The Shining One
Beogh
Jiyva

Shops:
D:12 ?   Orc:1 :   Orc:2 *[}%   Snake:3 }   Snake:4 =}=:

Portals:
Trove: D:11 (give +3 storm dragon scales)

Annotations:
D:9 1 runed translucent door, Mandevil's ghost, novice CeAE


Innate Abilities, Weirdness & Mutations

You have hooves in place of feet.
Armour fits poorly on your strangely shaped body.
You cover ground very quickly.
You have extremely tough skin. (AC +3)
You tend to lose your temper in combat.
You are resistant to hostile enchantments. (MR+)


Message History

Unknown command.
You barely miss the naga mage.
The naga mage is lightly wounded.
You feel sick.
The naga mage hits you but does no damage.
You block the naga mage's attack. The naga hits you but does no damage.
The naga grabs you. The naga constricts you.
The guardian serpent coils itself and waves its upper body at you.
The bolt of poison hits the naga mage!
The bolt of poison misses you.
The naga mage hits you but does no damage.
The naga mage hits you with a +0 halberd!
* * * LOW HITPOINT WARNING * * *
You slash the naga mage!
The naga mage's magic leaks into the air.
You kick the naga mage.
The naga mage is severely wounded.
You feel sick.
A naga mage comes into view.
The naga warrior hits you from afar with a +1 halberd of protection!!
You die...

#.# #.# #........## #.# #.#
.....N.....# #.####'##
..#.....#..# #.#......
.N......... #.#......
..(...N... #.#......
...(.... #.#...=..
...##.(N###### #####.#......
.......NNSN@)# #.....#......
##########.#NN#N#
#.#####......
......###...NN#.# #.#
#......
...........#.##.###.#
#......
#####.######.##.....#
#...[). #
...#...[.########.##
#############.....##......(#
#........[..#.....##.......#
#.############....##.......#


You could see 2 naga warriors, a guardian serpent, 5 naga magi and 2 nagas.

Vanquished Creatures
  Saint Roka (Snake:4)
  Rupert (Lair:6)
  The ghost of SilverFang the Grappler, an adept DrMo of Vehumet (Snake:3)
  Kirke (Lair:5)
  4 nagarajas
  Aizul (Snake:3)
  An orc warlord (Bailey)
  Nessos (D:14)
  The ghost of pljop the Grappler, a journeyman DrTm of Cheibriados (D:14)
  3 hydras (D:15)
  Erolcha (Orc:1)
  11 naga warriors
  3 centaur warriors
  A catoblepas (Lair:6)
  A death knight (D:15)
  6 anacondas
  5 two-headed ogres
  A thrashing horror (Abyss:2)
  3 death yaks (Lair:3)
  4 tengu warriors
  5 orc high priests
  Urug (D:11)
  12 naga sharpshooters
  7 shock serpents
  A sea snake (shapeshifter) (D:14)
  An unseen horror (D:12)
  3 skeletal warriors (D:15)
  2 salamander mystics (Snake:3)
  6 naga ritualists
  9 orc knights
  12 ugly things
  5 orc sorcerers
  6 mana vipers
  3 manticores
  5 cyclopes
  A moth of wrath (D:8)
  19 salamanders
  Joseph (D:7)
  9 elephants (Lair:6)
  5 guardian serpents
  29 black mambas
  A centaur skeleton (D:13)
  Psyche (D:8)
  9 spiny frogs
  12 naga magi
  An orange demon (Abyss:1)
  A rime drake (shapeshifter) (D:13)
  An efreet (Abyss:1)
  A yaktaur (shapeshifter) (D:13)
  2 kobold demonologists (D:12)
  2 rime drakes
  A tengu conjurer (D:14)
  7 komodo dragons
  9 trolls
  5 polar bears (Lair:6)
  A hornet (shapeshifter) (D:13)
  4 hornets (Lair:6)
  7 blink frogs
  7 slime creatures
  6 hippogriffs
  2 dream sheep (Lair:6)
  A meliai zombie (D:12)
  A vampire (D:13)
  A centaur simulacrum (D:15)
  14 spriggans (Lair:6)
  4 shadows
  Sigmund (D:2)
  28 yaks
  4 wyverns
  A ynoxinul (Abyss:1)
  3 hogs (D:12)
  A steam dragon (D:12)
  A human (D:12)
  A basilisk (Lair:2)
  Eustachio (D:5)
  5 wargs
  A neqoxec (Abyss:1)
  A swamp worm (shapeshifter) (D:15)
  11 vampire mosquitoes
  43 nagas
  2 acid dragons
  An insubstantial wisp (Abyss:1)
  A small abomination (Abyss:1)
  14 water moccasins
  3 porcupines
  42 orc warriors
  2 sky beasts
  5 black bears
  9 ice beasts
  14 ogres
  19 wolves
  2 necrophages (D:10)
  A phantom (D:5)
  20 centaurs
  4 boggarts (Lair:6)
  15 crocodiles
  6 big kobolds
  13 bullfrogs
  A wyvern zombie (D:11)
  3 scorpions
  A water moccasin skeleton (D:9)
  12 killer bees
  8 wights
  3 electric eels
  2 howler monkeys
  5 crimson imps
  3 centaur zombies
  A quasit (D:12)
  4 hounds
  A jelly (D:10)
  22 orc priests
  A bullfrog skeleton (D:11)
  2 gnoll shamans
  An iron imp (Abyss:2)
  5 hell rats
  6 iguanas
  30 orc wizards
  10 worker ants
  A hound skeleton (D:7)
  A mummy (D:10)
  2 worker ant zombies
  19 gnolls
  A howler monkey zombie (D:9)
  11 adders
  4 shadow imps
  11 white imps (Orc:1)
  An adder skeleton (D:9)
  5 dart slugs
  5 leopard geckos
  111 orcs
  A ball python (D:8)
  13 bats
  3 giant cockroaches
  2 gnoll zombies (D:3)
  17 goblins
  22 hobgoblins
  11 jackals
  5 quokkas
  3 frilled lizards
  A giant cockroach zombie (D:5)
  18 kobolds
  12 rats
  2 bushes (D:15)
  2 fungi
  6 plants
980 creatures vanquished.

Vanquished Creatures (collateral kills)
  An orc (D:10)
1 creature vanquished.

Vanquished Creatures (others)
  5 hydras
  A tengu warrior (D:14)
  2 naga sharpshooters (Snake:4)
  The ghost of Gynju the Archer, a novice CeHu (D:8)
  A cyclops (D:15)
  A black mamba (Snake:1)
  A hornet (D:14)
  3 humans (Lair:6)
  4 centaurs
  A crocodile (Lair:6)
  A wight (D:10)
  An electric eel (Lair:5)
  An orc wizard (Snake:4)
  2 orcs
  A kobold (D:13)
  14 fungi
  8 plants
48 creatures vanquished.

Grand Total: 1029 creatures vanquished

Notes
Turn   | Place    | Note
-------+----------+-------------------------------------------
     0 | Abyss:1  | Gargoyl the Centaur Abyssal Knight began the quest for the
                  | Orb.
     0 | Abyss:1  | Reached XP level 1. HP: 19/19 MP: 2/2
    20 | Abyss:2  | Noticed an iron imp
    21 | Abyss:2  | Got a twisted scimitar
    22 | Abyss:2  | Identified the +7 scimitar "Lovveurhurr" {antimagic, rF+
                  | Int-5 Dex+3} (You found it on level 2 of the Abyss)
    23 | Abyss:2  | Killed an iron imp
    23 | Abyss:2  | Reached XP level 2. HP: 27/27 MP: 1/3
    36 | Abyss:2  | Found a corrupted altar of Lugonu.
    37 | Abyss:2  | Noticed a small abomination
    46 | D:1      | Escaped the Abyss
   121 | D:1      | Reached XP level 3. HP: 33/33 MP: 1/4
   218 | D:1      | Reached * piety under Lugonu
   834 | D:2      | Noticed Sigmund
   963 | D:2      | Killed Sigmund
   963 | D:2      | Reached skill level 1 in Long Blades
   963 | D:2      | Reached skill level 1 in Dodging
   963 | D:2      | Reached XP level 4. HP: 22/41 MP: 2/6
   963 | D:2      | Reached XP level 5. HP: 25/47 MP: 2/7
  1732 | D:2      | Found a faded altar of an unknown god.
  1923 | D:3      | Reached skill level 3 in Invocations
  1923 | D:3      | Reached XP level 6. HP: 53/53 MP: 2/8
  2091 | D:3      | Reached ** piety under Lugonu
  2429 | D:3      | Found an iron altar of Okawaru.
  2484 | D:3      | Found an ornate altar of the Wu Jian Council.
  2867 | D:3      | Found a basalt altar of Yredelemnul.
  3071 | D:4      | Found a staircase to the Ecumenical Temple.
  3736 | D:3      | Reached XP level 7. HP: 57/60 MP: 3/9
  4020 | D:4      | Reached *** piety under Lugonu
  4704 | D:5      | Entered Level 5 of the Dungeon
  4998 | D:5      | Reached XP level 8. HP: 57/67 MP: 3/10
  5178 | D:5      | Reached skill level 4 in Invocations
  5341 | D:5      | Noticed Eustachio
  5673 | D:5      | Killed Eustachio
  5673 | D:5      | Reached skill level 1 in Shields
  5833 | D:5      | Found a burning altar of Makhleb.
  5833 | D:5      | Noticed a balrug
  5836 | D:5      | Noticed a hellwing
  5912 | D:6      | Found an iron altar of Okawaru.
  5930 | D:6      | Reached skill level 5 in Fighting
  6083 | D:6      | Reached **** piety under Lugonu
  6375 | D:6      | Found a sparkling altar of Nemelex Xobeh.
  6552 | D:7      | Reached skill level 5 in Long Blades
  6593 | D:7      | Found a snail-covered altar of Cheibriados.
  6663 | D:7      | Noticed an eight-headed hydra
  6723 | D:7      | Noticed Joseph
  7327 | D:6      | Banished an eight-headed hydra
  7327 | D:6      | Reached skill level 5 in Armour
  7327 | D:6      | Reached skill level 5 in Invocations
  7327 | D:6      | Reached XP level 9. HP: 27/74 MP: 12/12
  7671 | D:7      | Killed Joseph
  8170 | D:7      | Got a transparent brass ring
  8191 | D:7      | Found a white marble altar of Elyvilon.
  8316 | D:7      | Found a glowing silver altar of Zin.
  8317 | D:7      | Found a glowing golden altar of the Shining One.
  8345 | D:7      | HP: 1/74 [disintegration (24)]
  8840 | D:7      | Identified the ring of Vesaaz {rPois rN+ MP-9 Int+4} (You
                  | found it on level 7 of the Dungeon)
  8888 | D:8      | Found a shimmering altar of Xom.
  9127 | D:8      | Noticed a centaur warrior
  9131 | D:8      | Killed a centaur warrior
  9131 | D:8      | Reached skill level 6 in Invocations
  9131 | D:8      | Reached XP level 10. HP: 76/83 MP: 4/14
  9172 | D:8      | Noticed a moth of wrath
  9173 | D:8      | Noticed Gynju's ghost (novice CeHu)
  9182 | D:8      | Found a transporter.
  9334 | D:8      | Found a transporter.
  9975 | D:8      | Banished Gynju's ghost
 10000 | D:8      | Killed a moth of wrath
 10259 | D:8      | Found a stormy altar of Qazlal.
 10261 | D:8      | Found an ancient bone altar of Kikubaaqudgha.
 10261 | D:8      | Found a sacrificial altar of Ru.
 10479 | D:8      | Noticed Psyche
 10485 | D:8      | Killed Psyche
 10609 | D:9      | Found a runed translucent door.
 10613 | D:9      | Noticed Mandevil's ghost (novice CeAE)
 10616 | D:9      | Reached skill level 7 in Invocations
 10642 | D:9      | Found a deep blue altar of Sif Muna.
 10645 | D:9      | Noticed a two-headed ogre
 10891 | D:9      | Killed a two-headed ogre
 11436 | D:9      | Reached XP level 11. HP: 91/91 MP: 5/16
 11685 | D:9      | Noticed an eight-headed hydra
 11698 | D:9      | Banished an eight-headed hydra
 11819 | D:9      | Reached skill level 5 in Dodging
 12763 | D:10     | Entered Level 10 of the Dungeon
 12900 | D:10     | Found a flagged portal.
 12909 | Bailey   | Entered a bailey
 13113 | Bailey   | Noticed an orc knight
 13126 | Bailey   | Killed an orc knight
 13126 | Bailey   | Reached skill level 8 in Invocations
 13164 | Bailey   | Reached ***** piety under Lugonu
 13387 | Bailey   | Noticed an orc warlord
 13389 | Bailey   | Noticed an orc knight
 13409 | Bailey   | Killed an orc warlord
 13427 | Bailey   | Killed an orc knight
 14727 | D:11     | Noticed a two-headed ogre
 14737 | D:11     | Killed a two-headed ogre
 15136 | D:11     | Found a staircase to the Orcish Mines.
 15394 | D:11     | Reached XP level 12. HP: 82/100 MP: 6/18
 15486 | D:11     | Found a staircase to the Lair.
 15634 | D:11     | Found a portal to a secret trove of treasure.
 15987 | D:12     | Reached skill level 9 in Invocations
 15987 | D:12     | Reached skill level 1 in Evocations
 15987 | D:12     | Reached XP level 13. HP: 107/107 MP: 6/20
 15988 | D:12     | Reached skill level 10 in Invocations
 15988 | D:12     | Reached XP level 14. HP: 115/115 MP: 7/21
 16227 | D:12     | Reached skill level 5 in Shields
 16237 | D:12     | Found Igohin's Magic Scroll Shoppe.
 16295 | D:12     | Bought a scroll of enchant armour for 97 gold pieces
 16377 | D:12     | Reached ****** piety under Lugonu
 17024 | Lair:1   | Entered Level 1 of the Lair of Beasts
 17258 | Lair:1   | Reached skill level 10 in Long Blades
 19162 | Lair:3   | Found a staircase to the Snake Pit.
 20151 | Lair:3   | Reached skill level 11 in Invocations
 20890 | Lair:4   | Found a staircase to the Swamp.
 22704 | Lair:6   | Entered Level 6 of the Lair of Beasts
 23064 | Lair:6   | Got a faintly humming chain mail
 23073 | Lair:6   | Got a warped bone ring
 23348 | Lair:5   | Identified the cursed +1 chain mail of the Teacher {rPois
                  | rF++ rC- rN+++ Str-3} (You found it on level 6 of the Lair
                  | of Beasts)
 23361 | Lair:5   | Identified the ring "Ewibbyme" {rElec rF+ rC+ Str+4 Stlth+}
                  | (You found it on level 6 of the Lair of Beasts)
 23363 | Lair:5   | Gained mutation: You occasionally shout uncontrollably at
                  | your foes. [potion of mutation]
 23363 | Lair:5   | Lost mutation: You occasionally shout uncontrollably at
                  | your foes. [potion of mutation]
 23363 | Lair:5   | Gained mutation: You are resistant to hostile enchantments.
                  | (MR+) [potion of mutation]
 23381 | Lair:6   | Noticed Kirke
 23444 | Lair:5   | Killed Kirke
 24681 | Lair:6   | Noticed Rupert
 24749 | Lair:6   | Killed Rupert
 24749 | Lair:6   | Reached XP level 15. HP: 112/124 MP: 23/23
 24935 | Lair:6   | Reached skill level 5 in Axes
 25145 | Lair:6   | Found a viscous altar of Jiyva.
 25146 | Lair:6   | Found a staircase to the Slime Pits.
 26542 | Lair:6   | Reached skill level 10 in Armour
 27470 | D:13     | Found a gate to the Vaults.
 27473 | D:13     | Paralysed by a hornet for 1 turns
 27478 | D:13     | Paralysed by a hornet for 2 turns
 27499 | Abyss:1  | Noticed a bone dragon
 27670 | Abyss:1  | Gained mutation: You tend to lose your temper in combat. [a
                  | neqoxec]
 27744 | Abyss:1  | Noticed an ancient lich
 27745 | D:13     | Escaped the Abyss
 27950 | D:13     | Identified a scroll of acquirement
 28154 | D:13     | Reached skill level 12 in Invocations
 28371 | D:14     | Found a transporter.
 28454 | D:14     | Found a transporter.
 28454 | D:14     | Noticed pljop's ghost (journeyman DrTm)
 28708 | Abyss:1  | Noticed a Hell Sentinel
 28712 | D:14     | Escaped the Abyss
 29511 | D:14     | Killed pljop's ghost
 29797 | D:14     | Identified the Handbook of Boosts and Transmutation
 30095 | D:14     | Noticed Nessos
 30131 | D:14     | Killed Nessos
 30722 | D:15     | Entered Level 15 of the Dungeon
 32693 | D:15     | Found a staircase to the Depths.
 32720 | D:15     | Reached XP level 16. HP: 79/134 MP: 7/25
 33370 | Orc:1    | Entered Level 1 of the Orcish Mines
 33372 | Orc:1    | Noticed Erolcha
 33384 | Orc:1    | Killed Erolcha
 33403 | Orc:1    | Noticed Urug
 34514 | D:11     | Killed Urug
 34653 | Orc:1    | Found Ocejih's Book Emporium.
 34882 | Orc:2    | Entered Level 2 of the Orcish Mines
 34889 | Orc:2    | Found a staircase to the Elven Halls.
 34908 | Orc:2    | Reached skill level 10 in Fighting
 35064 | Orc:1    | Found a roughly hewn altar of Beogh.
 36326 | Abyss:1  | Found a corrupted altar of Lugonu.
 36527 | Orc:2    | Escaped the Abyss
 36901 | Orc:2    | Reached skill level 13 in Invocations
 36902 | Orc:2    | HP: 4/134 [orc knight/+0 halberd (8)]
 37722 | Orc:1    | Found a radiant altar of Vehumet.
 37805 | Orc:2    | Found Sass's Antique Armour Emporium.
 37805 | Orc:2    | Found Colal's Assorted Antiques.
 37807 | Orc:2    | Found Wanli's Food Emporium.
 37807 | Orc:2    | Found Iwketwov's Gadget Boutique.
 37818 | Orc:2    | Bought a potion of heal wounds for 140 gold pieces
 37823 | Orc:2    | Bought a pair of glowing gloves for 195 gold pieces
 38213 | Snake:1  | Entered Level 1 of the Snake Pit
 44035 | Snake:2  | Reached XP level 17. HP: 123/141 MP: 18/27
 45206 | Snake:3  | Found Bucuvuuwk's Gadget Shoppe.
 47930 | Snake:4  | Entered Level 4 of the Snake Pit
 47976 | Snake:4  | Found a runed translucent door.
 48191 | Snake:4  | Noticed SilverFang's ghost (adept DrMo)
 48229 | Snake:3  | Killed SilverFang's ghost
 48780 | Snake:4  | Found Fuaqukh's Jewellery Shop.
 48780 | Snake:4  | Found Immimay's Gadget Shoppe.
 48781 | Snake:4  | Found Gedeufu's Jewellery Shop.
 48787 | Snake:4  | Bought a +5 amulet of reflection for 865 gold pieces
 48803 | Snake:4  | Bought the ring "Weat" {rElec rC+ Str+6 Int-4} for 648 gold
                  | pieces
 49597 | Snake:4  | Noticed Aizul
 50009 | Snake:3  | Killed Aizul
 50009 | Snake:3  | Reached skill level 14 in Invocations
 50296 | Snake:4  | Reached skill level 10 in Axes
 50614 | Snake:4  | Found Cuorezof's Book Shoppe.
 51145 | Snake:4  | Noticed Saint Roka
 51766 | Snake:4  | Killed Saint Roka
 52378 | Snake:4  | Mangled by a naga warrior

Levels and vault maps discovered:
D:1:      roderic_crop_circles_arrival_small, layout_basic
D:2:      layout_rooms, chequers_ecumenical_altar_twisty, uniq_sigmund
D:3:      layout_basic, lemuel_zombie_altar_yredelemnul,
          lemuel_coloured_pillars_altar, lemuel_round_altar,
          gup_sewer_entry_spiral
D:4:      layout_layer_cave, minmay_temple_entry_grid
D:5:      layout_loops_cross, makhleb_altar_promises_db, first_ration,
          minmay_misc_feat_tiny, uniq_eustachio
D:6:      layout_rooms, lemuel_crystal_altar, basic_altar
D:7:      layout_layer_cave, good_gods_temple_1, kennysheep_mini_moat,
          uniq_joseph
D:8:      layout_loops_ring, chequers_temple_overflow_statue_of_worship,
          gammafunk_ghost_berserking_beasts, basic_altar, uniq_psyche
D:9:      layout_roguey, kennysheep_mini, gammafunk_ghost_grave,
          hangedman_minor_gate_pass
D:10:     layout_loops_ring, serial_undead, serial_undead_a, serial_undead_b,
          serial_undead_e, serial_undead_a, enter_bailey_8
D:11:     layout_long_grid, dpeg_oklobed_lair, enter_trove_1
D:12:     layout_roguey, serial_shops, nicolae_shop_trees, grunt_livestock,
          nicolae_wwwww
D:13:     layout_roguey, david_vaults_2
D:14:     layout_long_grid, gammafunk_ghost_arena, uniq_nessos
D:15:     hangedman_depths_entry_try_elsewhere_first, layout_basic,
          serial_park_gazebo [serial_park_minivault_5x5_5]
Lair:1:   layout_long_grid, roderic_batcave
Lair:2:   layout_long_grid, serial_bayou, serial_bayou_lagoon_a,
          serial_bayou_pond_e, serial_bayou_shore_b, serial_bayou_crossing
Lair:3:   layout_gridlike, guppyfry_snake_entry_island
Lair:4:   layout_cave_pods, swamp_mist
Lair:5:   layout_roguey, serial_bayou_shore_a
Lair:6:   minmay_lair_end_enchanted_forest, layout_hall_layers,
          dpeg_slime_entry_enclosed_altar, columned_hall_lemuel,
          serial_bayou_ford_a, uniq_kirke, uniq_rupert
Snake:1:  layout_layer_cave, nrook_guardian_serpent_double
Snake:2:  layout_grid_maze, nicolae_large_snake_swirl, serial_bayou_shore_b,
          serial_bayou_shore_b
Snake:3:  cheibrodos_snake_lava_hold, layout_onion, serial_shops, shop
Snake:4:  snake_pit, layout_basic, ebering_ghost_inner_flame, serial_shops,
          nicolae_shop_crystal, minmay_shop_grove, lemuel_fruit_tree,
          uniq_saint_roka, uniq_aizul
Orc:1:    layout_diamond_mine, portal_ice_cave_entry_imps, serial_shops,
          nicolae_shop_waterfront, basic_altar, kennysheep_orc_chapel,
          uniq_erolcha, uniq_urug
Orc:2:    grunt_orc_tribal_feast, layout_diamond_mine

Skill      XL: |  1  2  3  4  5  6  7  8  9 10 11 12 13 14 15 16 17 |
---------------+----------------------------------------------------+-----
Axes           | 2 3 4 7 9 10 | 10.3
Fighting       | 4 5 6 7 8 9 10 11 | 11.0
Long Blades    | 1 2 3 5 6 7 8 9 10 11 | 11.3
Armour         | 2 3 4 5 7 8 9 10 11 12 | 12.0
Dodging        | 1 2 3 4 5 6 7 8 9 |  9.8
Invocations    | 3 5 6 7 8 9 10 11 12 13 14 | 14.2
Shields        | 1 2 3 4 5 6 7 8 |  8.0
Throwing       | 2 3 |  3.6
Evocations     | 1 2 |  2.5

Action                   |  1- 3 |  4- 6 |  7- 9 | 10-12 | 13-15 | 16-18 || total
-------------------------+-------+-------+-------+-------+-------+-------++-------
Melee: Scimitar          |    23 |   171 |   251 |   555 |   612 |   366 ||  1978
       Kick              |     5 |    31 |    60 |   155 |   462 |   502 ||  1215
       Hand axe          |       |       |     5 |       |       |       ||     5
       War axe           |       |       |       |       |   644 |   990 ||  1634
       Broad axe         |       |       |       |       |   129 |       ||   129
Throw: Boomerang         |       |       |       |    11 |    19 |       ||    30
Invok: Depart the Abyss  |     1 |       |       |       |     2 |     1 ||     4
       Banish            |       |       |     2 |     4 |     9 |     4 ||    19
       Bend Space        |       |       |     1 |       |     4 |       ||     5
       Enter the Abyss   |       |       |       |       |     2 |     1 ||     3
Evoke: Wand              |       |       |       |     2 |       |       ||     2
  Use: Scroll            |     1 |     5 |     9 |    16 |    26 |     6 ||    63
       Potion            |       |     4 |     1 |     6 |     6 |     6 ||    23
 Stab: Petrified         |       |       |       |       |     5 |       ||     5
  Eat: Chunk             |       |     5 |     6 |    18 |    32 |    16 ||    77
       Ration            |       |     1 |     2 |     1 |     6 |    13 ||    23
Armor: Leather armour    |     1 |       |       |       |       |       ||     1
       Plate armour      |    27 |   203 |   172 |    33 |       |       ||   435
       Chain mail        |       |       |       |   175 |  1033 |   872 ||  2080
Dodge: Dodged            |     5 |    32 |    42 |   113 |   454 |   412 ||  1058
Block: Buckler           |       |       |   156 |   296 |   972 |   883 ||  2307
       Reflection        |       |       |     8 |    13 |    43 |    93 ||   157
       Rpst.: Scimitar   |     4 |     2 |     9 |    24 |    42 |    20 ||   101

Table legend:
 A = Non-vault XP
 B = Vault XP
 C = Vault XP percentage of total XP
 D = Non-vault monster count
 E = Vault monster count
 F = Vault count percentage of total count
                 A         B        C        D         E       F
            +---------+---------+-------+---------+---------+-------
      Total |  162621 |   68730 |  29.7 |     721 |     270 |  27.2
            +---------+---------+-------+---------+---------+-------
        D:1 |      17 |       0 |   0.0 |      10 |       0 |   0.0
        D:2 |     107 |     212 |  66.5 |      27 |       1 |   3.6
        D:3 |     235 |      38 |  13.9 |      28 |       9 |  24.3
        D:4 |     221 |       0 |   0.0 |      15 |       0 |   0.0
        D:5 |     875 |     188 |  17.7 |      25 |       1 |   3.8
        D:6 |    1121 |       0 |   0.0 |      22 |       0 |   0.0
        D:7 |     870 |     475 |  35.3 |      16 |       1 |   5.9
        D:8 |    1917 |    1985 |  50.9 |      14 |       7 |  33.3
        D:9 |    3108 |    1513 |  32.7 |      29 |       7 |  19.4
       D:10 |    1520 |     464 |  23.4 |      23 |       7 |  23.3
       D:11 |    6332 |     831 |  11.6 |      43 |       1 |   2.3
       D:12 |    5818 |     974 |  14.3 |      35 |       5 |  12.5
       D:13 |    3291 |    1063 |  24.4 |      21 |       3 |  12.5
       D:14 |    8114 |    5227 |  39.2 |      34 |      10 |  22.7
       D:15 |   20379 |    1654 |   7.5 |      51 |       3 |   5.6
     Lair:1 |    2159 |      10 |   0.5 |      12 |       7 |  36.8
     Lair:2 |    2959 |       0 |   0.0 |      16 |       0 |   0.0
     Lair:3 |   10764 |     562 |   5.0 |      35 |       2 |   5.4
     Lair:4 |    1541 |       0 |   0.0 |       6 |       0 |   0.0
     Lair:5 |    5529 |    2232 |  28.8 |      24 |       2 |   7.7
     Lair:6 |    8624 |   12514 |  59.2 |      29 |      45 |  60.8
    Snake:1 |   14602 |     457 |   3.0 |      27 |       1 |   3.6
    Snake:2 |   25031 |       0 |   0.0 |      43 |       0 |   0.0
    Snake:3 |   11323 |   10398 |  47.9 |      23 |      13 |  36.1
    Snake:4 |   17009 |   13528 |  44.3 |      34 |      27 |  44.3
      Orc:1 |    2787 |    2428 |  46.6 |      36 |      19 |  34.5
      Orc:2 |    3963 |    7668 |  65.9 |      35 |      30 |  46.2
    Abyss:1 |    1499 |       0 |   0.0 |       6 |       0 |   0.0
    Abyss:2 |     906 |       0 |   0.0 |       2 |       0 |   0.0
     Bailey |       0 |    4309 | 100.0 |       0 |      69 | 100.0
            +---------+---------+-------+---------+---------+-------
